 Dungeon Crawl Stone Soup version 0.28.0-45-g0d030f2227 (webtiles) character file.

Game seed: 429976227637653549

520 101zpm the Magician (level 7, 0/46 HPs)
             Began as a Djinni Ice Elementalist on Apr 11, 2022.
             Slain by Grinder (2 damage)
             ... on level 4 of the Dungeon.
             The game lasted 00:13:41 (5613 turns).

101zpm the Magician (Djinni Ice Elementalist)       Turns: 5613, Time: 00:13:45

Health: 0/46       AC:  2    Str:  7    XL:     7   Next: 45%
Gold:   121        EV: 12    Int: 18    God:
                   SH:  0    Dex: 14

rFire   + + .      SeeInvis .     - Unarmed
rCold   x . .      Faith    .   (no shield)
rNeg    . . .      Spirit   .   a - +0 robe
rPois   ∞          Reflect  .   (no helmet)
rElec   .          Harm     .   (no cloak)
rCorr   .          Rampage  .   (no gloves)
Will    .....                   (boots unavailable)
Stlth   ++........              (no amulet)
HPRegen 0.15/turn               (no ring)
MPRegen 0.00/turn               (no ring)

@: freezing walls, flying
A: sickness immunity, fire resistance 2, cold vulnerability 1, float, innate
caster, HP casting, extra vitality 1
a: no special abilities


You were on level 4 of the Dungeon.
You visited 1 branch of the dungeon, and saw 4 of its levels.
You also visited: Sewer.

You collected 121 gold pieces.

Inventory:

Missiles
 f - 78 stones
Armour
 a - a +0 robe (worn)
Jewellery
 g - a +6 ring of intelligence
Scrolls
 b - 2 scrolls of teleportation {unknown}
 d - 4 scrolls of identify {unknown}
 e - a scroll of enchant armour {unknown}
 j - a scroll of fear {unknown}
 k - 2 scrolls of magic mapping {unknown}
 l - a scroll of summoning {unknown}
 n - 2 scrolls of brand weapon {unknown}
 q - a scroll of amnesia {unknown}
 r - a scroll of noise {unknown}
Potions
 c - a potion of brilliance {unknown}
 h - a potion of heal wounds {unknown}
 i - 2 potions of curing {unknown}
 m - a potion of attraction {unknown}
 o - a potion of mutation {unknown}
 p - a potion of invisibility {unknown}


   Skills:
 + Level 0.7 Fighting
 + Level 2.7 Dodging
 + Level 2.4 Stealth
 + Level 1.2 Unarmed Combat
 + Level 6.0 Spellcasting


You had 2 spell levels left.
You knew the following spells:

 Your Spells              Type           Power      Damage    Failure   Level
a - Freeze                Ice            100%       1d11      1%          1
b - Frozen Ramparts       Ice            54%        1d7       3%          3
c - Ozocubu's Armour      Ice            27%        N/A       3%          3
d - Hailstorm             Conj/Ice       27%        3d7       10%         4
e - Summon Small Mammal   Summ           100%       N/A       1%          1
f - Searing Ray           Conj           54%        2d6       1%          2
g - Blink                 Tloc           54%        N/A       1%          2
Your spell library was empty.

Dungeon Overview and Level Annotations

Branches:
Dungeon (4/15)              Sewer (visited)
 Temple: D:4-7

Altars:
Gozag
Nemelex Xobeh

Annotations:
D:4 Grinder


Innate Abilities, Weirdness & Mutations

You are immune to sickness and miasma.
You are immune to poison.
Your flesh is very heat resistant. (rF++)
You are vulnerable to cold. (rC-)
You float through the air rather than walking.
You learn spells naturally, not from books.
Your magical power is your life essence.
You have superior vitality. (+4 MHP)


Message History

* * * LOW HITPOINT WARNING * * *
Your quokka barely misses Grinder.
Your quokka closely misses Grinder.
Grinder completely resists.
The wall freezes Grinder but does no damage.
Grinder barely misses you.
Your quokka closely misses Grinder.
Casting: Freeze (safe; 1% risk of failure)
Confirm with . or Enter, or press ? or * to list all spells.
Aiming: Freeze (safe; 1% risk of failure)
Press: ? - help, Shift-Dir - straight line, f/p - Grinder
Aim: Grinder (severely wounded, ally target)
You freeze Grinder.
Grinder resists.
Grinder is severely wounded.
* * * LOW HITPOINT WARNING * * *
Your quokka closely misses Grinder.
Your quokka bites Grinder but does no damage.
Grinder completely resists.
The wall freezes Grinder but does no damage.
Grinder hits your quokka.
Your quokka dies!
Your quokka's corpse disappears in a puff of smoke!
Your quokka closely misses Grinder.
Grinder shouts!
Casting: Freeze (safe; 1% risk of failure)
Confirm with . or Enter, or press ? or * to list all spells.
* * * LOW HITPOINT WARNING * * *
Your quokka bites Grinder.
Grinder resists.
The wall freezes Grinder.
Grinder closely misses you.
Aiming: Searing Ray (safe; 1% risk of failure)
Press: ? - help, Q - select action, (/) - cycle Shift-Dir - straight line, f/p - Grinder
Aim: Grinder (severely wounded, ally target, 77% to hit)
The searing ray hits Grinder.
Grinder is almost dead. (Press . to maintain the ray.)
* * * LOW HITPOINT WARNING * * *
Your quokka barely misses Grinder.
Grinder completely resists.
The wall freezes Grinder but does no damage.
Grinder hits you!
* * * LOW HITPOINT WARNING * * *
You writhe in agony.
You die...

..##.....########..#.##.#
..##.................##.#
..##.....######......##.#
...#.....# #..........#
.).)...###
#.......#..########
.÷##.#.#
#.......#..........
)###.#.#
#.##r.......####### .#
#.#.# #.##5.#.....# .#
#.#.# #.#@.###....# .#
#.#.#######...## ##...#
.# #..........r.## #'#..#
.# #.....#####.##
_.###.######## .####....#
#..###.#+#..........
.........#
#...#####b...######
########.# #.#.[###.5r.##
#.#####.##..#....##
#.......###....)##


You could see Grinder (ally target) and 2 friendly quokkas.

Vanquished Creatures
  A water moccasin (D:4)
  A black bear (D:4)
  An orc priest (D:3)
  A jelly (D:4)
  An iguana (D:4)
  An orc wizard (D:3)
  13 adders
  2 river rats (Sewer)
  A worm (D:3)
  A dart slug (D:4)
  7 orcs (D:3)
  5 endoplasms
  3 giant cockroaches
  7 goblins
  2 hobgoblins
  3 ball pythons
  6 bats
  4 frilled lizards (Sewer)
  5 kobolds
  3 rats (Sewer)
68 creatures vanquished.

Vanquished Creatures (collateral kills)
  An adder (D:4)
  A ball python (Sewer)
2 creatures vanquished.

Grand Total: 70 creatures vanquished

Notes
Turn   | Place    | Note
-------+----------+-------------------------------------------
     0 | D:1      | 101zpm the Djinni Ice Elementalist began the quest for the
                  | Orb.
     0 | D:1      | Reached XP level 1. HP: 15/15 MP: 0/0
   434 | D:2      | Reached XP level 2. HP: 13/21 MP: 0/0
   597 | D:2      | Found an opulent altar of Gozag.
   786 | D:2      | Reached XP level 3. HP: 7/25 MP: 0/0
   786 | D:2      | Learned a level 1 spell: Summon Small Mammal
   788 | D:2      | Reached skill level 4 in Spellcasting
  1701 | D:3      | Reached XP level 4. HP: 27/31 MP: 0/0
  1931 | D:3      | Reached XP level 5. HP: 20/35 MP: 0/0
  1931 | D:3      | Learned a level 2 spell: Searing Ray
  3031 | D:4      | Found a glowing drain.
  3061 | Sewer    | Entered a sewer
  3675 | Sewer    | Reached skill level 5 in Spellcasting
  3675 | Sewer    | Reached XP level 6. HP: 34/41 MP: 0/0
  4401 | D:4      | Noticed a water moccasin
  4403 | D:4      | Noticed a black bear
  4409 | D:4      | Killed a water moccasin
  4410 | D:4      | Reached XP level 7. HP: 40/46 MP: 0/0
  4410 | D:4      | Learned a level 2 spell: Blink
  4420 | D:4      | Reached skill level 1 in Unarmed Combat
  4422 | D:4      | Reached skill level 6 in Spellcasting
  4917 | D:4      | Found a sparkling altar of Nemelex Xobeh.
  4929 | D:4      | Noticed Grinder
  5613 | D:4      | HP: 2/46 [Grinder (7)]
  5613 | D:4      | Slain by Grinder

Illustrated notes

Levels and vault maps discovered:
D:1:      dpeg_arrival_arbitrary_c, layout_loops_ring,
          hellmonk_ecumenical_altar_lost_god, minmay_heptomino_h4
D:2:      layout_basic, basic_altar
D:3:      layout_basic, ebering_dispersal_statue_hall
D:4:      layout_loops_ring, nemelex_diamond_rough_becter,
          gup_sewer_entry_glass, uniq_grinder

Skill      XL: |  1  2  3  4  5  6  7 |
---------------+----------------------+-----
Spellcasting   | 4 5 6 |  6.0
Stealth        | 2 |  2.4
Unarmed Combat | 1 |  1.2
Fighting       | |  0.7
Dodging        | |  2.7

Action                   |  1- 3 |  4- 6 |  7- 9 || total
-------------------------+-------+-------+-------++-------
Melee: Unarmed           |    20 |     3 |       ||    23
       Punch             |       |     1 |       ||     1
 Cast: Freeze            |    33 |    45 |     8 ||    86
       Frozen Ramparts   |       |    14 |     8 ||    22
       Summon Small Mamm |       |    13 |    13 ||    26
       Searing Ray       |       |       |     6 ||     6
Armor: Robe              |    12 |    10 |     1 ||    23
Dodge: Dodged            |    22 |    15 |     4 ||    41
